 Dungeon Crawl Stone Soup version 0.02-32-ge3bdf778cf (webtiles) character file.

Game seed: 5966238770749375270, levelgen mode: deterministic

320 minicreteconcrete the Magician (level 6, 0/5 HPs) Fairy Air Elementalist. Began on Sept 12, 2020. Engulfed by a cloud of blessed fire (1 damage) ... on level 2 of the Dungeon. The game lasted 00:04:38 (956 turns).

minicreteconcrete the Magician (FaAE)                Turns: 956, Time: 00:04:39

Health: 0/5        AC:  0    Str:  2    XL:     6 ^: 275
Magic:  3/3        EV: 25    Int: 19    God:
Gold:   57         SH:  0    Dex: 18    Spells: 9/15 levels left

rFire    . . .     Vision   .   (no jewelry)
rCold    . . .     Gourm    .
rNeg     . . .     Faith    .
rPois    .         Spirit   .
rElec    .         Reflect  .
rCorr    .         Harm     .
MR       +....
Stlth    +.........
HPRegen  0.11/turn
MPRegen  0.13/turn

@: glowing, slow
A: tiny, no armour or weapons, only one jewelry slot, no melee attacks, fairy
magic, fairy shield, fairy light, decreased potion and divine healing, slowness
1, able to fly, insubstantial
a: Fly


You were on level 2 of the Dungeon.
You were not hungry.

You visited 1 branch of the dungeon, and saw 2 of its levels.

You collected 57 gold pieces.

Inventory:

Jewellery
 c - an uncursed ring of strength
Scrolls
 e - 2 scrolls of teleportation
 f - a scroll of amnesia
Potions
 d - 2 potions of heal wounds
 g - a potion of might
 h - a potion of curing
 i - a potion of berserk rage
Comestibles
 a - 11 chunks of flesh
 b - 7 rations


   Skills:
 + Level 2.9 Dodging
 + Level 1.5 Stealth
 + Level 5.4 Spellcasting
 + Level 5.2 Air Magic


You had 9 spell levels left.
You knew the following spells:

 Your Spells              Type           Power        Failure   Level  Hunger
a - Shock                 Air            25 (25)      1%          1    None
b - Swiftness             Chrm/Air       15 (100)     6%          2    None
c - Static Discharge      Air            25 (100)     4%          3    ##.....

Your spell library contained the following spells:

 Spells                   Type           Power        Failure   Level  Hunger
 Airstrike                Air            25 (200)     14%         4    ####...
 Lightning Bolt           Air            25 (200)     36%         5    #####..


Dungeon Overview and Level Annotations

Branches:
Dungeon (2/8)

Altars:
Uskayaw
The Shining One

Shops:
D:2 *


Innate Abilities, Weirdness & Mutations

You are too small to use any gear.
You can wear a single ring or amulet completely around your body.
You are incapable of melee of any kind.
Your magic reserves are extremely low but spells that normally cost one mana are free and all other spells cost one mana.
You are extremely frail but all attacks that strike you do exactly one damage.
You exude a bright light in a small radius around yourself.
The effect of potions and godly healing effects is reduced to match your tiny health and magic reserves.
You cover ground slowly.
You can fly continuously.
Your insubstantial form boosts your evasion and grants immunity to sticky flames, nets and constriction.


Message History

You enter the shallow water.
Moving in this stuff is going to be slow.
You enter the shallow water.
Moving in this stuff is going to be slow.
You open the door.
Found a glowing golden altar of the Shining One.
There is an open door here.
Press: ? - help, v - describe, . - travel This square is lit by a halo.
There is a cloud of blessed fire here.
The angel shouts!
Really walk into that cloud of blessed fire?
Really walk into a travel-excluded area?
You are engulfed in blessed fire.
You are engulfed in blessed fire.
You are engulfed in blessed fire.
You are engulfed in blessed fire.
* * * LOW HITPOINT WARNING * * *
You are engulfed in blessed fire.
You die...

#P≈≈≈≈ ### .##≈≈≈≈≈ ##A##
≈......≈ #### ...≈≈..
#§.§# ##≈≈≈≈≈ #._.#
#≈≈≈≈≈ #§.§# ## #≈≈≈≈≈
#...# ##≈≈ #≈≈≈≈† #§.@#
#...##≈≈≈.. ####≈.≈##.
#≈≈.....† ##≈###'###..
##≈..≈≈≈≈ #≈.#≈....#..##
###.≈≈≈≈
#.......≈...≈.#####.≈≈≈≈
##.#≈...≈###≈.#..≈÷.≈≈≈≈
##≈≈###+###≈##.......≈≈≈≈
##.≈## #≈.#≈8.8.8..≈≈.
##..≈# #≈.........≈≈≈≈


You could see an angel.

Vanquished Creatures
  A crocodile (D:2)
  A bullfrog (D:2)
  A jelly (D:2)
  11 sewer rats (D:2)
  4 cinder newts (D:1)
  2 dart slugs (D:1)
  2 ball pythons (D:2)
  A giant cockroach (D:2)
  4 goblins (D:1)
  6 hobgoblins (D:1)
  3 bats
  A bat skeleton (D:2)
  2 kobolds (D:1)
  A rat (D:1)
  A slimehead (D:2)
41 creatures vanquished.

Vanquished Creatures (others)
  49 withered plants (D:2)
49 creatures vanquished.

Grand Total: 90 creatures vanquished

Notes
Turn   | Place    | Note
-------+----------+-------------------------------------------
     0 | D:1      | minicreteconcrete the Fairy Air Elementalist began the
                  | quest for the Orb.
     0 | D:1      | Reached XP level 1. HP: 3/3 MP: 3/3
    40 | D:1      | Reached XP level 2. HP: 3/3 MP: 3/3
   277 | D:1      | Reached XP level 3. HP: 4/4 MP: 3/3
   529 | D:1      | Learned a level 2 spell: Swiftness
   660 | D:2      | Reached XP level 4. HP: 4/4 MP: 3/3
   671 | D:2      | Found Ogevu's Assorted Antiques.
   832 | D:2      | Reached XP level 5. HP: 4/4 MP: 3/3
   860 | D:2      | Learned a level 3 spell: Static Discharge
   877 | D:2      | Found a hide-covered altar of Uskayaw.
   884 | D:2      | Reached skill level 5 in Spellcasting
   884 | D:2      | Reached skill level 5 in Air Magic
   916 | D:2      | Reached XP level 6. HP: 5/5 MP: 3/3
   949 | D:2      | Found a glowing golden altar of the Shining One.
   951 | D:2      | Noticed an angel
   956 | D:2      | Engulfed by a cloud of blessed fire

Levels and vault maps discovered:
D:1:      lemuel_arrival_muddy, layout_basic, first_ration, minmay_quantized
D:2:      layout_sewer, grunt_temple_overflow_holy_war,
          eat_drink_and_be_merry_uskayaw, kennysheep_little_box, serial_shops,
          shop, roderic_batcave, minmay_split_cup_small, uniq_crazy_yiuf_cottage

Skill      XL: |  1  2  3  4  5 |
---------------+----------------+-----
Spellcasting   | 3 4 5 |  5.4
Air Magic      | 4 5 |  5.2
Dodging        | |  2.9
Stealth        | |  1.5

Action                   |  1- 3 |  4- 6 || total
-------------------------+-------+-------++-------
 Cast: Shock             |    55 |    91 ||   146
       Static Discharge  |       |     2 ||     2
  Use: Potion            |     1 |       ||     1
  Eat: Chunk             |       |     1 ||     1
Dodge: Dodged            |    16 |    66 ||    82
